 Dungeon Crawl Stone Soup version 0.27-a0-988-g25969acef8 (webtiles) character file.

Game seed: 9953282004677674475

7 jestyr24 the Magician (level 2, 0/21 HPs)
             Began as a Djinni Summoner on Apr 16, 2021.
             Slain by a quokka (1 damage)
             ... on level 1 of the Dungeon.
             The game lasted 00:05:12 (613 turns).

jestyr24 the Magician (Djinni Summoner)              Turns: 613, Time: 00:05:13

Health: 0/21       AC:  2    Str:  7    XL:     2   Next: 0%
Gold:   4          EV: 12    Int: 16    God:
                   SH:  0    Dex: 13

rFire    + + .     SeeInvis .   h - +0 whip
rCold    x . .     Faith    .   (no shield)
rNeg     . . .     Spirit   .   a - +0 robe
rPois    ∞         Reflect  .   (no helmet)
rElec    .         Harm     .   (no cloak)
rCorr    .         Rampage  .   (no gloves)
Will     .....                  (boots unavailable)
Stlth    ++........             (no amulet)
HPRegen  0.07/turn              (no ring)
MPRegen  0.00/turn              (no ring)

@: flying
A: fire resistance 2, cold vulnerability 1, float, innate caster, hp casting,
extra vitality 1
a: no special abilities


You were on level 1 of the Dungeon.
You visited 1 branch of the dungeon, and saw 1 of its levels.

You collected 4 gold pieces.

Inventory:

Hand Weapons
 h - a +0 whip (weapon)
Missiles
 b - 29 stones
Armour
 a - a +0 robe (worn)
Scrolls
 d - a scroll of summoning {unknown}
Potions
 c - a potion of haste {unknown}
 e - a potion of resistance {unknown}
 f - a potion of lignification {unknown}
 g - a potion of might {unknown}


   Skills:
 - Level 2.1 Dodging
 - Level 1.6 Stealth
 + Level 3.9 Spellcasting


You couldn't memorise any spells.
You knew the following spells:

 Your Spells              Type           Power      Damage    Failure   Level
a - Summon Small Mammal   Summ           60%        N/A       3%          1
b - Call Imp              Summ           15%        N/A       5%          2
c - Call Canine Familiar  Summ           15%        N/A       11%         3
d - Summon Guardian Gole  Hex/Summ       15%        N/A       11%         3
e - Summon Lightning Spi  Summ/Air       15%        N/A       34%         4
f - Summon Ice Beast      Ice/Summ       15%        N/A       34%         4
Your spell library was empty.

Dungeon Overview and Level Annotations

Branches:
Dungeon (1/15)

Altars:


Innate Abilities, Weirdness & Mutations

You are immune to poison.
Your flesh is very heat resistant. (rF++)
You are vulnerable to cold. (rC-)
You float through the air rather than walking.
You learn spells naturally, not from books.
Your magical power is your life essence.
You have superior vitality. (+4 HP)


Message History

Your quokka closely misses the bat.
You miss the bat. The bat hits you but does no damage. x2
You miss the bat. The bat barely misses you.
The bat hits you but does no damage.
The bat hits your quokka but does no damage.
Your quokka closely misses the bat.
The bat hits you.
Your quokka bites the bat.
The bat hits you. The bat closely misses you.
Your quokka barely misses the bat.
The bat hits you.
Your quokka bites the bat.
The bat dies!
You have reached level 2!
You now have 4 gold pieces.
f - a sedimented yellow potion You see here a bat corpse.
A quokka comes into view.
You barely miss the quokka.
Your quokka disappears in a puff of smoke!
The quokka barely misses you. The quokka bites you.
You hit the quokka but do no damage. The quokka bites you.
You barely miss the quokka. The quokka bites you.
Casting: Summon Small Mammal (safe; 3% risk of failure)
Confirm with . or Enter, or press ? or * to list all spells.
The quokka closely misses you.
You miss the quokka. The quokka bites you.
Your bat closely misses the quokka.
The quokka bites you.
* * * LOW HITPOINT WARNING * * *
You closely miss the quokka.
Your bat completely misses the quokka.
The quokka bites you.
* * * LOW HITPOINT WARNING * * *
You hit the quokka but do no damage.
Your bat hits the quokka but does no damage.
The quokka misses you.
Your bat hits the quokka but does no damage.
You barely miss the quokka.
Your bat hits the quokka but does no damage.
Your bat hits the quokka. The quokka bites you.
* * * LOW HITPOINT WARNING * * *
The quokka closely misses you.
You swap places.
Your bat closely misses the quokka. x2; The quokka bites you.
You die...

#.#...# ##..< ...
#.#.>.# #..## ... ###
...#.# #.... ... ...
#.#.# ##... ... ..#
#...# ###' #.# #.#
#...######)
#..####.###..........
#.rb#........####.##
###@#........####.##
#.#........#..#.#.
##.#........#..#'#.
#........##.#......
#........####......
#..†.....# #######
#.......## #.
#.......# #.
#.......# #.


You could see a quokka (ally target) and a friendly bat (summoned).

Vanquished Creatures
  An endoplasm (D:1)
  A goblin (D:1)
  A frilled lizard (D:1)
3 creatures vanquished.

Vanquished Creatures (collateral kills)
  2 endoplasms (D:1)
  A kobold (D:1)
  3 bats (D:1)
6 creatures vanquished.

Grand Total: 9 creatures vanquished

Notes
Turn   | Place    | Note
-------+----------+-------------------------------------------
     0 | D:1      | jestyr24 the Djinni Summoner began the quest for the Orb.
     0 | D:1      | Reached XP level 1. HP: 15/15 MP: 0/0
   584 | D:1      | Reached XP level 2. HP: 17/21 MP: 0/0
   612 | D:1      | HP: 1/21 [quokka (1)]
   613 | D:1      | Slain by a quokka

Illustrated notes

Levels and vault maps discovered:
D:1:      dpeg_arrival_renting, layout_rooms

Action                   || total
-------------------------++-------
Melee: Whip              ||    23
       Unarmed           ||     1
 Cast: Summon Small Mamm ||    10
Armor: Robe              ||     7
Dodge: Dodged            ||    21

Table legend: (Time is in decaauts)
 A = Elapsed time spent in this place.
 B = Non-inter-level travel time spent in this place.
 C = Inter-level travel time spent in this place.
 D = Time resting spent in this place.
 E = Time spent auto-exploring this place.
 F = Levels seen in this place.
 G = Mean time per level.
                   A        B        C        D        E       F      G
               +--------+--------+--------+--------+--------+-----+--------+
         Total |    614 |    614 |      0 |    349 |     60 |   1 |  614.0 |
       Dungeon |    614 |    614 |      0 |    349 |     60 |   1 |  614.0 |
               +--------+--------+--------+--------+--------+-----+--------+

Top non-repeatable levels by time:
     D:1: 614 daAuts
